 Dungeon Crawl Stone Soup version 0.21-a0-426-g98080a9 (webtiles) character file.

643 kae the Digger (level 7, 0/40 HPs)
             Began as a Gargoyle Earth Elementalist on Nov 5, 2017.
             Slain by an orc warrior
             ... wielding a cursed -1 battleaxe
              (9 damage)
             ... on level 5 of the Dungeon.
             The game lasted 00:06:41 (5847 turns).

kae the Digger (Gargoyle Earth Elementalist)        Turns: 5847, Time: 00:06:42

Health: 0/40       AC:  8    Str: 12    XL:     7   Next: 51%
Magic:  0/12       EV: 12    Int: 17    God:
Gold:   152        SH:  0    Dex: 10    Spells: 9/13 levels left

rFire    . . .     SeeInvis .   j - +1 short sword (drain)
rCold    + . .     Gourm    .   (no shield)
rNeg     + . .     Faith    .   c - +0 robe
rPois    ∞         Spirit   .   (no helmet)
rElec    +         Reflect  .   B - +0 cloak
rCorr    .         Harm     .   (no gloves)
MR       .....                  (no boots)
Stlth    ++........             (no amulet)
HPRegen  0.13/turn              a - ring of protection from cold
MPRegen  0.13/turn              (no ring)

@: no status effects
A: negative energy resistance 1, electricity resistance, unbreathing,
petrification resistance, rot immunity, AC +4
a: no special abilities


You were on level 5 of the Dungeon.
You were hungry.

You visited 1 branch of the dungeon, and saw 5 of its levels.

You collected 152 gold pieces.

Inventory:

Hand Weapons
 i - a +0 club
 j - a +1 short sword of draining (weapon)
Missiles
 b - 72 stones (quivered)
Armour
 c - a +0 robe (worn)
 B - a +0 cloak (worn)
Jewellery
 a - a ring of protection from cold (left hand)
 A - an uncursed ring of protection from magic {unknown}
Wands
 h - a wand of random effects (13/48)
 w - a wand of enslavement (17/24)
 C - a wand of paralysis (7/24)
Scrolls
 f - a scroll of noise
 g - 3 scrolls of remove curse {unknown}
 l - a scroll of enchant weapon {unknown}
 o - 2 scrolls of enchant armour {unknown}
 p - 7 scrolls of identify {unknown}
 r - 2 scrolls of recharging {unknown}
 s - 2 scrolls of teleportation {unknown}
 t - 3 scrolls of fog {unknown}
 x - a scroll of fear {unknown}
 y - a scroll of amnesia
 D - a scroll of magic mapping {unknown}
Potions
 k - a potion of lignification {unknown}
 m - 2 potions of brilliance {unknown}
 u - a potion of flight {unknown}
 v - a potion of degeneration {unknown}
 z - a potion of curing {unknown}
Books
 e - a book of Geomancy

   Spells                             Type                      Level
   a - Sandblast                      Earth                        1
   b - Passwall                       Transmutation/Earth          2
   c - Stone Arrow                    Conjuration/Earth            3
   d - Petrify                        Transmutation/Earth          4
   e - Lee's Rapid Deconstruction     Earth                        5
Comestibles
 d - 4 bread rations
 n - 3 chunks of flesh
 q - 2 meat rations


   Skills:
 + Level 2.3 Fighting
 + Level 2.2 Armour
 + Level 2.7 Dodging
 - Level 2.7 Stealth
 * Level 3.9 Spellcasting
 * Level 3.4 Conjurations
   Level 0.7 Transmutations
 * Level 5.8 Earth Magic


You had 9 spell levels left.
You knew the following spells:

 Your Spells              Type           Power        Failure   Level  Hunger
a - Sandblast             Erth           ###...       1%          1    None
b - Stone Arrow           Conj/Erth      ###...       7%          3    ###....


Dungeon Overview and Level Annotations

Branches:
Dungeon (5/15)
 Temple: D:4-7

Altars:
Zin

Annotations:
D:4 PhazeDK's ghost, novice HuFi
D:5 Menkaure


Innate Abilities, Weirdness & Mutations

You are resistant to torment.
Your stone body is resilient. (AC +4)
You are immune to poison.
You resist negative energy. (rN+)
You are resistant to electric shocks. (rElec)
You can survive without breathing.
You are immune to petrification.
You are immune to rotting.


Message History

Confirm with . or Enter, or press ? or * to list all spells.
Aiming: Sandblast
Press: ? - help, Shift-Dir - straight line, f/p - orc warrior
Aim: an orc warrior, wielding a battleaxe and wearing a shiny chain mail (almost dead)
The blast of sand hits the orc warrior.
The orc warrior is almost dead.
b - 73 stones The orc warrior hits you with a battleaxe!
* * * LOW HITPOINT WARNING * * *
Found 2 grey potions.
Casting: Sandblast
Confirm with . or Enter, or press ? or * to list all spells.
Aiming: Sandblast
Press: ? - help, Shift-Dir - straight line, f/p - orc warrior
Aim: an orc warrior, wielding a battleaxe and wearing a shiny chain mail (almost dead)
The blast of sand hits the orc warrior.
The orc warrior is almost dead.
b - 72 stones The orc warrior hits you with a battleaxe!
You die...

##.%##≈#....<......# #...
##..##≈###)........# ....#
≈≈≈≈≈≈≈ .#......)..#
..>.##########.#.........#
...............#.........#
.........................#
...............#.).......#
...............#.........#
.#..Y...........@........#
....###........#o........#..
..### #..........###......$#
#M# ###...###..##..#.#####
#O# #.####.<.##.##..# #.#
#.##...#....###... #Y#
#.#..####..## ###. #S# ....#
....# # #.# .#.# #..##..#


You could see an orc warrior.

Vanquished Creatures
  A sky beast (D:5)
  An ogre (D:5)
  Blork the orc (D:4)
  Crazy Yiuf (D:3)
  An orc priest (D:2)
  3 hounds
  Ijyb (D:1)
  2 orc wizards
  9 adders
  3 oozes
  A worm (D:2)
  7 leopard geckos
  17 orcs
  3 giant cockroaches
  12 goblins
  7 hobgoblins
  8 jackals
  2 kobolds
  2 quokkas
  2 ball pythons
  5 bats
  7 frilled lizards
  A quokka skeleton (D:5)
  4 rats
101 creatures vanquished.

Notes
Turn   | Place    | Note
-------+----------+-------------------------------------------
     0 | D:1      | kae the Gargoyle Earth Elementalist began the quest for the Orb.
     0 | D:1      | Reached XP level 1. HP: 10/10 MP: 3/3
   383 | D:1      | Reached XP level 2. HP: 9/15 MP: 3/5
   916 | D:2      | Reached skill level 4 in Earth Magic
   924 | D:2      | Noticed Ijyb
   940 | D:1      | Reached XP level 3. HP: 16/19 MP: 6/6
   995 | D:1      | Learned a level 3 spell: Stone Arrow
  1047 | D:1      | Killed Ijyb
  1047 | D:1      | Reached XP level 4. HP: 18/24 MP: 0/7
  1300 | D:2      | Reached skill level 1 in Conjurations
  1846 | D:2      | Reached skill level 1 in Fighting
  1846 | D:2      | Reached XP level 5. HP: 12/29 MP: 5/9
  2127 | D:2      | Reached skill level 1 in Armour
  2596 | D:3      | Reached XP level 6. HP: 27/34 MP: 8/10
  2607 | D:3      | Reached skill level 5 in Earth Magic
  3013 | D:3      | Found a runed door.
  3324 | D:3      | Found a glowing silver altar of Zin.
  3570 | D:3      | Noticed Crazy Yiuf
  3575 | D:3      | Killed Crazy Yiuf
  3693 | D:4      | Noticed Blork the orc
  3698 | D:4      | Killed Blork the orc
  3740 | D:4      | Noticed PhazeDK's ghost (novice HuFi)
  4797 | D:4      | Reached XP level 7. HP: 39/39 MP: 12/12
  4982 | D:5      | Entered Level 5 of the Dungeon
  5000 | D:5      | Noticed Menkaure
  5847 | D:5      | Slain by an orc warrior

Vault maps used:
D:1:      dpeg_arrival_snail, minmay_box_of_dots
D:2:      kennysheep_the_goblin_king
D:3:      zin_scriptorium, small_statue_intersection, kennysheep_small_spiral,
          uniq_crazy_yiuf_cottage
D:4:      uniq_blork_the_orc
D:5:      amethyst_overflow_temple_binary,
          minmay_temple_entry_statues_fountains, first_bread,
          serial_bayou_pond_d, kennysheep_generic_room_5, uniq_menkaure,
          uniq_pikel

Skill      XL: |  1  2  3  4  5  6  7 |
---------------+----------------------+-----
Earth Magic    | 4 5 |  5.8
Dodging        | 2 |  2.7
Conjurations   | 1 2 3 |  3.4
Fighting       | 1 2 |  2.3
Armour         | 1 2 |  2.2
Spellcasting   | 3 |  3.9
Stealth        | |  2.7
Transmutations | |  0.7

Action                   |  1- 3 |  4- 6 |  7- 9 || total
-------------------------+-------+-------+-------++-------
Melee: Unarmed           |    22 |       |       ||    22
       Club              |     9 |       |       ||     9
       Short sword       |    47 |   195 |    32 ||   274
 Cast: Sandblast         |    19 |    35 |    15 ||    69
       Stone Arrow       |       |     5 |    11 ||    16
  Use: Scroll            |       |     2 |       ||     2
 Stab: Sleeping          |     1 |     4 |       ||     5
  Eat: Chunk             |     1 |    11 |     3 ||    15
       Royal jelly       |       |       |     1 ||     1
Armor: Robe              |    36 |    85 |    16 ||   137
Dodge: Dodged            |    54 |   169 |    45 ||   268

Table legend:
 A = Spawn XP
 B = Non-spawn XP
 C = Spawn XP percentage of total XP
 D = Spawn monster count
 E = Non-spawn monster count
 F = Spawn count percentage of total count
 G = Total turns spent on level
                    A         B        C        D         E        F      G
               +---------+---------+-------+---------+---------+-------+---------
         Total |       0 |     919 |   0.0 |       0 |     101 |   0.0 |  5847
               +---------+---------+-------+---------+---------+-------+---------
           D:1 |       0 |      81 |   0.0 |       0 |      21 |   0.0 |  1081
           D:2 |       0 |     176 |   0.0 |       0 |      29 |   0.0 |  1458
           D:3 |       0 |     155 |   0.0 |       0 |      32 |   0.0 |  2034
           D:4 |       0 |     235 |   0.0 |       0 |      12 |   0.0 |  1088
           D:5 |       0 |     272 |   0.0 |       0 |       7 |   0.0 |   186
               +---------+---------+-------+---------+---------+-------+---------
